AoeStats
← 沒起房子我日

Pilgrims

507916422Analyzed
4v4 RM · 13d ago on Sep 20, 2026· 36m 13s· 8 players
Game mode
Random Map
Map size
Large (8 player)
Population
200
Speed
Normal
Resources
Standard
Victory
Conquest
Starting age
Dark Age
Ending age
Imperial Age
RankedLock teamsTeams togetherTeam positionsShared explorationLock speedFull tech treeHidden civsTurbo modeCheats
Victory
Defeat
🇮🇳 Armenians · India
1495
+14
🇨🇴 Mapuche · Colombia
1421
+17
🇹🇼 Romans · Taiwan
1412
+17
🇻🇳 Vikings · Vietnam
1384
+19
🇨🇳 Persians · China
1459
-17
🇨🇳 Huns · China
1452
-17
🇹🇼 Japanese · Taiwan
1441
-17
🇨🇳 Khmer · China
1422
-16
沒起房子我日
10:55 Loom
16:46 Feudal Age
17:36 Double-Bit Axe
19:23 Wheelbarrow
19:56 Town Watch
25:01 Fishing Lines
29:35 Castle Age
28:21 Horse Collar
胖过
11:23 Feudal Age
16:40 Castle Age
15:20 Double-Bit Axe
15:18 Horse Collar
18:01 Bow Saw
19:03 Gold Mining
297539664
12:52 Feudal Age
13:14 Loom
15:36 Castle Age
14:25 Double-Bit Axe
18:03 Bow Saw
18:23 Horse Collar
elite boar
3:41 Loom
18:27 Feudal Age
19:07 Town Watch
19:53 Double-Bit Axe
24:00 Castle Age
25:44 Fletching
26:14 Horse Collar
29:48 Wheelbarrow
(3A) Lü Bu king
9:27 Loom
20:29 Feudal Age
21:13 Town Watch
21:35 Double-Bit Axe
24:16 Horse Collar
31:44 Castle Age
32:24 Town Patrol
32:46 Bow Saw
34:38 Ballistas
23
12:18 Feudal Age
12:38 Loom
13:01 Double-Bit Axe
13:25 Fishing Lines
15:48 Castle Age
13:49 Stone Mining
18:44 Bow Saw
18:28 Gold Mining
19:15 Town Watch
20:16 Horse Collar
24:54 Imperial Age
22:22 Fletching
24:23 Bodkin Arrow
25:35 Ballistics
25:16 Padded Archer Armor
25:46 Bracer
28:03 Chemistry
28:41 Wheelbarrow
28:20 Elite Composite Bowman
30:36 Conscription
33:33 Padded Archer Armor
34:40 Squires
34:44 Scale Mail Armor
34:55 Forging
35:47 Spies/Treason
gianghodd01
6:13 Loom
14:46 Feudal Age
18:18 Double-Bit Axe
19:01 Fishing Lines
21:37 Town Watch
26:39 Castle Age
24:36 Gold Mining
26:28 Fletching
27:16 Gillnets
29:38 Bodkin Arrow
31:02 Gold Shaft Mining
31:47 Masonry
31:17 Treadmill Crane
31:58 Ballistics
31:51 Clinker Construction
31:51 Careening
38:53 Imperial Age
36:25 Town Patrol
Sebastianquijanog
8:19 Loom
11:00 Feudal Age
16:53 Castle Age
16:07 Double-Bit Axe
16:58 Gold Mining
18:00 Fletching
17:56 Pikeman
20:26 Bodkin Arrow
23:57 Padded Archer Armor
25:37 Horse Collar
39:07 Imperial Age
Connection lost

Rejoining the realm…

Still unreachable

The connection could not be restored.

Session expired

The server has moved on; the page needs a fresh start.